 Dungeon Crawl Stone Soup version 0.27-a0-909-g0721f309d1 (webtiles) character file.

Game seed: 747204670508385246

366 robertstho the Chopper (level 6, -1/54 (56) HPs)
             Began as a Deep Dwarf Fighter on Apr 8, 2021.
             Slain by an ogre
             ... wielding a +0 giant club
              (27 damage)
             ... on level 4 of the Dungeon.
             The game lasted 00:04:19 (1662 turns).

robertstho the Chopper (Deep Dwarf Fighter)         Turns: 1662, Time: 00:04:20

HP:   -1/54 (56)    AC:  9    Str: 21    XL:     6   Next: 40%
MP:   2/2           EV:  6    Int:  9    God:
Gold: 117           SH:  9    Dex: 12    Spells: 5/5 levels left

rFire    . . .     SeeInvis .   a - +0 war axe
rCold    . . .     Faith    .   c - +0 kite shield
rNeg     . . .     Spirit   .   j - +0 chain mail
rPois    .         Reflect  .   (no helmet)
rElec    .         Harm     .   (no cloak)
rCorr    .         Rampage  .   (no gloves)
Will     .....                  (no boots)
Stlth    ..........             (no amulet)
HPRegen  0.00/turn              (no ring)
MPRegen  0.08/turn              (no ring)

@: non-regenerating, lightly drained
A: damage resistance, heal wounds, sense surroundings 1, no regeneration
a: Heal Wounds


You were on level 4 of the Dungeon.
You visited 1 branch of the dungeon, and saw 4 of its levels.

You collected 117 gold pieces.

Inventory:

Hand Weapons
 a - a +0 war axe (weapon)
Armour
 c - a +0 kite shield (worn)
 j - a +0 chain mail (worn)
 k - a +0 pair of boots
Scrolls
 b - 2 scrolls of identify {unknown}
 e - a scroll of blinking {unknown}
 g - a scroll of holy word {unknown}
 i - a scroll of teleportation
Potions
 d - a potion of resistance {unknown}
 f - 2 potions of curing {unknown}
 h - 3 potions of attraction {unknown}
 l - a potion of degeneration {unknown}


   Skills:
 + Level 3.6 Fighting
 + Level 5.4 Axes
 + Level 4.3 Armour
 + Level 1.0 Dodging
 + Level 0.1 Stealth
 + Level 4.3 Shields


You had 5 spell levels left.
You didn't know any spells.
Your spell library contained the following spells:

 Spells                   Type           Power      Damage    Failure   Level
 Beastly Appendage        Tmut           0%         N/A       100%        1
 Wereblood                Tmut           0%         N/A       100%        2
 Spider Form              Tmut/Pois      0%         N/A       100%        3
 Ice Form                 Ice/Tmut       0%         N/A       100%        4
 Hydra Form               Tmut           0%         N/A       100%        5


Dungeon Overview and Level Annotations

Branches:
Dungeon (4/15)
 Temple: D:4-7

Altars:


Innate Abilities, Weirdness & Mutations

You are resistant to damage.
You can heal yourself by infusing magical energy.
You passively map a small area around you.
You do not regenerate.


Message History

An ogre is nearby!
An ogre is nearby!
You hit the ogre.
The ogre is lightly wounded.
The ogre hits you with a +0 giant club!
Your magical essence is drained by the effort!
You feel much better. You block the ogre's attack.
You slash the ogre!
The ogre is heavily wounded.
You block the ogre's attack.
You barely miss the ogre.
The ogre is heavily wounded.
The ogre hits you with a +0 giant club!!
You hit the ogre.
The ogre is heavily wounded.
The ogre hits you with a +0 giant club!
* * * LOW HITPOINT WARNING * * *
Your shield and chain mail prevent you from hitting the ogre.
The ogre is heavily wounded.
The ogre barely misses you.
Your magical essence is drained by the effort!
You feel much better.
The ogre hits you with a +0 giant club!!
* * * LOW HITPOINT WARNING * * *
You feel much better. The ogre hits you with a +0 giant club!
You feel much better. The ogre hits you with a +0 giant club!
You hit the ogre.
The ogre is severely wounded.
You block the ogre's attack.
You hit the ogre.
The ogre is severely wounded.
The ogre hits you with a +0 giant club!!
You closely miss the ogre.
The ogre is severely wounded.
The ogre hits you with a +0 giant club.
You slash the ogre!
The ogre is almost dead.
The ogre hits you with a +0 giant club!!
Ouch! That really hurt!
You die...

* **#<# ,
#.####
,#.##.#
#.##.####
,
#.##....#
, ,
#..(.##.#
*
#######.#
#.#.# ,
,,* *
*#.O@# ,
,*
#.....#.#
, ,
....#.###
* ..#,#,
, * * *#
* * , , *
, , ,*


You could see an ogre.

Vanquished Creatures
  Grinder (D:3)
  A wight (D:3)
  6 adders
  2 worms (D:3)
  3 dart slugs
  An orc (D:3)
  4 ball pythons
  3 bats
  6 endoplasms
  3 giant cockroaches
  6 goblins
  8 hobgoblins
  2 quokkas
  3 frilled lizards
  2 kobolds
  5 rats
56 creatures vanquished.

Notes
Turn   | Place    | Note
-------+----------+-------------------------------------------
     0 | D:1      | robertstho the Deep Dwarf Fighter began the quest for the
                  | Orb.
     0 | D:1      | Reached XP level 1. HP: 20/20 MP: 1/1
    86 | D:1      | Found a faded altar of an unknown god.
   185 | D:1      | Reached XP level 2. HP: 18/27 MP: 2/2
   195 | D:1      | You fall into a shaft and drop 1 floor!
   240 | D:2      | Reached XP level 3. HP: 27/33 MP: 3/3
   524 | D:1      | Reached skill level 3 in Axes
  1083 | D:3      | Noticed Grinder
  1095 | D:3      | Paralysed by Grinder for 7 turns
  1105 | D:3      | Paralysed by Grinder for 5 turns
  1117 | D:3      | Reached XP level 4. HP: 21/40 MP: 4/4
  1193 | D:3      | Paralysed by Grinder for 4 turns
  1202 | D:3      | Killed Grinder
  1203 | D:3      | Reached skill level 5 in Axes
  1203 | D:3      | Reached XP level 5. HP: 46/49 MP: 4/4
  1203 | D:3      | Reached XP level 6. HP: 53/56 MP: 5/5
  1381 | D:3      | Reached skill level 1 in Dodging
  1662 | D:4      | Slain by an ogre

Illustrated notes

Levels and vault maps discovered:
D:1:      eino_arrival_cavern_b, layout_basic, serial_corexii_hall,
          corexii_hall_statues_l, chequers_hall_statues_wall_a,
          basic_ecumenical_altar, chequers_serial_rivers_large_b
D:2:      layout_basic
D:3:      minmay_inner_zag, layout_basic, uniq_grinder
D:4:      layout_basic, uniq_ijyb

Skill      XL: |  1  2  3  4  5  6 |
---------------+-------------------+-----
Axes           | 3 5 |  5.4
Fighting       | 3 |  3.6
Armour         | 4 |  4.3
Shields        | 4 |  4.3
Dodging        | 1 |  1.0
Stealth        | |  0.1

Action                   |  1- 3 |  4- 6 || total
-------------------------+-------+-------++-------
Melee: War axe           |    88 |    92 ||   180
 Abil: Heal Wounds       |     2 |     9 ||    11
  Use: Potion            |     1 |       ||     1
       Scroll            |       |     1 ||     1
Armor: Scale mail        |    34 |       ||    34
       Chain mail        |    10 |    25 ||    35
Dodge: Dodged            |    17 |    14 ||    31
Block: Kite shield       |    58 |    50 ||   108

Table legend: (Time is in decaauts)
 A = Elapsed time spent in this place.
 B = Non-inter-level travel time spent in this place.
 C = Inter-level travel time spent in this place.
 D = Time resting spent in this place.
 E = Time spent auto-exploring this place.
 F = Levels seen in this place.
 G = Mean time per level.
                   A        B        C        D        E       F      G
               +--------+--------+--------+--------+--------+-----+--------+
         Total |   1789 |   1734 |     55 |      0 |   1244 |   4 |  447.2 |
       Dungeon |   1789 |   1734 |     55 |      0 |   1244 |   4 |  447.2 |
               +--------+--------+--------+--------+--------+-----+--------+

Top non-repeatable levels by time:
     D:1: 646 daAuts
     D:3: 602 daAuts
     D:2: 507 daAuts
     D:4: 32 daAuts
